 Dungeon Crawl Stone Soup version 0.20.0-8-g6b59dc7 (webtiles) character file.

367 4thArraOfDagon the Slasher (level 6, -1/50 HPs)
             Began as a Barachi Gladiator on June 2, 2017.
             Was a Believer of Qazlal.
             Slain by an ogre
             ... wielding a cursed -1 giant spiked club
              (13 damage)
             ... on level 5 of the Dungeon.
             The game lasted 00:07:05 (1068 turns).

4thArraOfDagon the Slasher (Barachi Gladiator)      Turns: 1068, Time: 00:07:06

Health: -1/50      AC:  8    Str: 15    XL:     6   Next: 69%
Magic:  6/6        EV: 19    Int: 11    God:    Qazlal [**....]
Gold:   71         SH:  2    Dex: 18    Spells: 5/5 levels left

rFire    . . .     SeeInvis .   a - +0 long sword
rCold    . . .     Gourm    .   (no shield)
rNeg     . . .     Faith    .   g - +0 ring mail
rPois    .         Spirit   .   c - +0 helmet
rElec    .         Reflect  .   n - +0 cloak
rCorr    .         Harm     .   (no gloves)
MR       .....                  h - +0 pair of boots
Stlth    ++........             (no amulet)
Regen    0.2/turn               (no ring)
MPRegen  0.1/turn               (no ring)

@: agile, slow
A: +LOS, swims, slowness 1, strong legs 1
a: Hop, Upheaval, Renounce Religion


You were on level 5 of the Dungeon.
You worshipped Qazlal.
Qazlal was pleased with you.
You were hungry.

You visited 1 branch of the dungeon, and saw 5 of its levels.

You collected 71 gold pieces.

Inventory:

Hand Weapons
 a - a +0 long sword (weapon)
Armour
 b - a +0 leather armour
 c - a +0 helmet (worn)
 g - a +0 ring mail (worn)
 h - a +0 pair of boots (worn)
 n - a +0 cloak (worn)
Scrolls
 e - 3 scrolls of amnesia {unknown}
 j - a scroll of fog {unknown}
 k - a scroll of enchant armour {unknown}
 l - a scroll of teleportation
Comestibles
 f - 3 bread rations


   Skills:
 + Level 4.8 Fighting
 * Level 6.3 Long Blades
 - Level 2.0 Throwing
 + Level 4.9 Dodging
 + Level 0.8 Invocations


You had 5 spell levels left.
You didn't know any spells.

Dungeon Overview and Level Annotations

Branches:
Dungeon (5/15)
 Temple: D:4-7

Altars:
Fedhas
Qazlal
Vehumet
Xom


Innate Abilities, Weirdness & Mutations

Shadows flee at your approach. (+LOS)
You can swim through water.
You cover ground slowly.
You can hop short distances.


Message History

The ogre is lightly wounded.
The ogre struggles against the net.
The jackal misses you.
You riposte.
You closely miss the jackal. You hit the ogre.
The ogre is moderately wounded.
The ogre struggles against the net.
The jackal closely misses you.
You hit the ogre.
The ogre is moderately wounded.
The jackal misses you.
You riposte.
You slash the jackal!
You kill the jackal!
Qazlal accepts your kill.
The ogre struggles against the net.
You slash the ogre!
The ogre is severely wounded.
The ogre struggles against the net.
The net rips apart, and the ogre comes free!
You hit the ogre.
The ogre is severely wounded.
The ogre hits you with a giant spiked club!
You die...

# #####.. #.#...#.
## #.#.... .#
#..... .##
#####..O.#######..
..........†.#....#
#######...#.#.#..#
#...#.#†#..#
#......O@..# ##
##.###.##.## ..
#... #.##.# .##
..... ..##.# ..#
###...#####.# .>#
##?# #.# ..# #..
..####. #.#
....... ..#


You could see an ogre.

Vanquished Creatures
  A phantom (D:4)
  An ogre (D:4)
  A jelly (D:5)
  An orc priest (D:5)
  A hound skeleton (D:5)
  Robin (D:2)
  5 adders
  A shadow imp (D:5)
  A worm (D:4)
  An orc (D:5)
  A ball python (D:3)
  4 bats
  4 giant cockroaches
  10 goblins
  13 hobgoblins
  11 jackals
  3 frilled lizards
  A kobold (D:2)
  5 rats
66 creatures vanquished.

Notes
Turn   | Place    | Note
-------+----------+-------------------------------------------
     0 | D:1      | 4thArraOfDagon the Barachi Gladiator began the quest for the Orb.
     0 | D:1      | Reached XP level 1. HP: 17/17 MP: 1/1
     8 | D:1      | You fall through a shaft!
     8 | D:2      | Noticed Robin
    20 | D:2      | Found a stormy altar of Qazlal.
    25 | D:2      | Became a worshipper of Qazlal Stormbringer
    90 | D:2      | Reached XP level 2. HP: 16/23 MP: 2/2
   117 | D:2      | Killed Robin
   117 | D:2      | Reached skill level 4 in Long Blades
   131 | D:2      | Reached XP level 3. HP: 20/29 MP: 3/3
   198 | D:1      | Reached * piety under Qazlal
   382 | D:1      | Reached XP level 4. HP: 17/35 MP: 4/4
   514 | D:3      | Found a shimmering altar of Xom.
   538 | D:2      | Found a blossoming altar of Fedhas.
   811 | D:4      | Noticed a phantom
   811 | D:4      | Noticed an ogre
   821 | D:4      | Killed an ogre
   821 | D:4      | Reached ** piety under Qazlal
   821 | D:4      | Reached skill level 5 in Long Blades
   821 | D:4      | Reached XP level 5. HP: 34/42 MP: 5/5
   835 | D:4      | Killed a phantom
   835 | D:4      | Reached skill level 6 in Long Blades
   835 | D:4      | Reached XP level 6. HP: 31/49 MP: 6/6
   861 | D:3      | Found a radiant altar of Vehumet.
   922 | D:5      | Entered Level 5 of the Dungeon
   950 | D:5      | Noticed an ice beast
  1003 | D:5      | Noticed an orc warrior
  1068 | D:5      | Slain by an ogre

Skill      XL: |  1  2  3  4  5 |
---------------+----------------+-----
Long Blades    | 4 5 6 |  6.3
Fighting       | 3 4 |  4.8
Dodging        | 4 |  4.9
Throwing       | |  2.0
Invocations    | |  0.8

Action                   |  1- 3 |  4- 6 || total
-------------------------+-------+-------++-------
Melee: Long sword        |    96 |   102 ||   198
Throw: Throwing net      |     1 |     3 ||     4
 Abil: Hop               |       |     1 ||     1
  Use: Potion            |       |     5 ||     5
       Scroll            |       |     2 ||     2
 Stab: Held in net/web   |     1 |       ||     1
  Eat: Chunk             |       |     1 ||     1
Armor: Leather armour    |    15 |       ||    15
       Ring mail         |     8 |    35 ||    43
       Skin              |       |    41 ||    41
Dodge: Dodged            |    62 |    65 ||   127
Block: Other             |     4 |    13 ||    17
       Rpst.: Long sword |    22 |    25 ||    47
